AoeStats
← Tweedle Dum

Arena

507396498Analyzed
2v2 RM · 15d ago on Sep 18, 2026· 55m 51s· 4 players
Game mode
Random Map
Map size
Medium (4 player)
Population
200
Speed
Normal
Resources
Standard
Victory
Conquest
Starting age
Dark Age
Ending age
Imperial Age
RankedLock teamsTeams togetherTeam positionsShared explorationLock speedFull tech treeHidden civsTurbo modeCheats
Victory
Defeat
🇺🇸 Saracens · United States
1538
+12
🇺🇸 Spanish · United States
1537
+12
🇦🇷 Khmer · Argentina
1458
-12
🇦🇷 Teutons · Argentina
1436
-12
Xoki Pikeman
10:29 Feudal Age
10:40 Feudal Age
15:39 Castle Age
13:57 Double-Bit Axe
15:22 Horse Collar
22:34 Bow Saw
25:43 Heavy Plow
26:33 Wheelbarrow
30:17 Imperial Age
30:01 Forging
29:57 Scale Barding Armor
30:05 Fletching
32:52 Bodkin Arrow
33:12 Bloodlines
34:19 Chain Barding Armor
34:33 Crop Rotation
34:23 Devotion
34:12 Light Cavalry
34:58 Bracer
36:13 Redemption
36:08 Double Crossbow
37:28 Conscription
38:46 Chemistry
39:06 Hand Cart
38:39 Loom
38:40 Town Watch
39:16 Padded Archer Armor
41:44 Leather Archer Armor
41:50 Ballistics
41:54 Stone Mining
41:56 Gold Mining
42:58 Elite Ballista Elephant
47:17 Murder Holes
AlitaDeMosca
7:20 Loom
9:16 Feudal Age
13:26 Double-Bit Axe
13:39 Horse Collar
21:45 Castle Age
20:06 Gold Mining
20:53 Wheelbarrow
22:41 Bow Saw
22:35 Heavy Plow
24:20 Bloodlines
24:19 Scale Barding Armor
24:24 Forging
27:03 Iron Casting
28:09 Stone Mining
28:29 Town Watch
31:06 Chain Barding Armor
32:28 Hand Cart
35:39 Town Patrol
36:28 Fortified Wall
39:14 Imperial Age
41:25 Crop Rotation
42:02 Two-Man Saw
41:46 Conscription
41:39 Scale Mail Armor
44:14 Cavalier
46:23 Blast Furnace
45:59 Plate Barding Armor
46:23 Paladin
Tweedle Dee
5:20 Loom
6:35 Loom
9:12 Feudal Age
9:47 Double-Bit Axe
16:26 Horse Collar
21:25 Castle Age
22:25 Bow Saw
23:46 Wheelbarrow
24:05 Town Watch
24:24 Gold Mining
28:05 Gold Shaft Mining
27:48 Fervor
28:29 Sanctity
29:12 Redemption
29:16 Heavy Plow
29:09 Stone Mining
29:44 Hand Cart
32:02 Town Patrol
36:55 Imperial Age
35:29 Devotion
38:05 Illumination
37:55 Block Printing
38:15 Theocracy
37:15 Elite Mameluke
38:04 Scale Barding Armor
40:55 Bimaristan
41:05 Conscription
42:48 Two-Man Saw
42:31 Chain Barding Armor
44:08 Plate Barding Armor
44:31 Forging
46:23 Chemistry
46:27 Iron Casting
46:00 Fletching
46:36 Counterweights
46:49 Ballistics
47:03 Bloodlines
46:53 Husbandry
48:09 Blast Furnace
51:38 Light Cavalry
54:02 Bodkin Arrow
54:15 Siege Engineers
55:54 Faith
56:37 Hoardings
Tweedle Dum
10:48 Feudal Age
14:39 Castle Age
13:28 Double-Bit Axe
13:59 Loom
17:25 Bow Saw
23:39 Horse Collar
25:48 Padded Archer Armor
27:53 Leather Archer Armor
27:51 Bloodlines
33:39 Imperial Age
33:03 Scale Mail Armor
32:31 Pikeman
33:43 Capped Ram
34:04 Capped Ram
35:58 Wheelbarrow
35:03 Capped Ram
36:32 Chain Mail Armor
36:01 Capped Ram
37:21 Halberdier
38:08 Heavy Plow
39:57 Plate Mail Armor
40:17 Light Cavalry
40:57 Husbandry
41:10 Forging
40:49 Siege Ram
42:21 Ring Archer Armor
46:41 Cavalier
46:41 Hussar
47:29 Scale Barding Armor
49:04 Chain Barding Armor
49:52 Iron Casting
50:20 Plate Barding Armor
Connection lost

Rejoining the realm…

Still unreachable

The connection could not be restored.

Session expired

The server has moved on; the page needs a fresh start.